Map: [ESL] Oceanborn

Players

Clem - Winner!

  • Race: Terran Terran
  • Spawn Location: 5:00

MaxPax

  • Race: Protoss Protoss
  • Spawn Location: 11:00

Event: ESL SC2 Masters 2024 Spring (Regional)

VOD

Have the link to the VOD?

Description

Time

  • Played on: May 5, 2024, 10:31 a.m.
  • Length: 10:48

All games in this series

Show
View Real Time Build Order
Export as new Build Order

Clem Terran - Winner!

Build Orders: Cyclone Opening 

Get SALT Encoding   

  12  0:00  SCV  
  13  0:12  SCV  
  14  0:16  Supply Depot  
  14  0:24  SCV  
  14  0:27  Refinery  
  15  0:38  SCV  
  16  0:44  Barracks  
  16  0:50  SCV  
  17  1:02  SCV  
  18  1:14  SCV  
  19  1:30  Marine  
  19  1:31  Factory  
  20  1:46  Command Center  
  20  1:49  Barracks Reactor  
  20  1:57  Supply Depot  
  20  2:08  Orbital Command  
  20  2:18  Cyclone  
  22  2:24  Marine  
  22  2:25  Marine  
  24  2:33  SCV  
  25  2:42  Marine  
  25  2:43  Marine  
  27  2:48  SCV  
  27  2:50  Cyclone  
  30  2:57  Orbital Command  
  30  3:00  SCV  
  30  3:02  Marine x2  
  33  3:12  SCV  
  34  3:16  Supply Depot  
  34  3:20  Marine x2  
  34  3:23  Cyclone  
  38  3:33  Bunker  
  38  3:38  Marine x2  
  38  3:40  SCV  
  40  3:43  SCV  
  38  3:52  SCV  
  39  3:56  Barracks, Marine x2  
  39  4:03  SCV  
  39  4:06  SCV  
  39  4:08  Barracks  
  40  4:13  Marine  
  40  4:14  Marine  
  40  4:15  SCV  
  42  4:18  SCV  
  43  4:26  Supply Depot  
  43  4:27  SCV  
  43  4:30  SCV  
  45  4:31  Marine x2  
  47  4:39  SCV  
  47  4:42  SCV  
  47  4:43  Barracks Tech Lab  
  49  4:46  Engineering Bay, Starport  
  49  4:50  Bunker, Refinery  
  49  4:51  SCV  
  50  4:55  SCV, Barracks Tech Lab  
  50  4:58  Supply Depot, Marine  
  50  4:59  Marine  
  53  5:01  Stimpack  
  53  5:02  Marauder  
  53  5:03  SCV  
  53  5:07  SCV  
  59  5:14  Combat Shield, Marauder  
  59  5:15  SCV  
  59  5:18  Supply Depot  
  59  5:19  SCV  
  59  5:20  Marine  
  61  5:24  Starport Reactor  
  61  5:26  Refinery, Marine  
  61  5:27  SCV  
  63  5:28  Supply Depot  
  63  5:30  Marauder  
  63  5:31  SCV  
  63  5:35  Marine  
  67  5:38  Supply Depot  
  67  5:39  SCV  
  67  5:40  Marine  
  68  5:43  SCV  
  68  5:49  Supply Depot  
  69  5:50  Missile Turret  
  69  5:51  SCV, Marauder  
  69  5:53  Marine  
  69  5:54  Terran Infantry Weapons Level 1  
  73  5:58  Refinery  
  73  5:59  Marauder  
  73  6:02  Marine  
  73  6:03  SCV  
  73  6:10  Medivac  
  75  6:12  SCV  
  75  6:13  Marine x2  
  75  6:14  Supply Depot  
  77  6:20  Medivac  
  77  6:21  Marine  
  77  6:23  Marauder  
  81  6:27  SCV x2  
  81  6:28  Factory Reactor  
  81  6:31  Marine  
  84  6:34  Marauder  
  84  6:35  Supply Depot  
  84  6:37  Concussive Shells  
  84  6:39  Marine  
  87  6:48  Command Center  
  87  6:49  Marine  
  87  6:53  Marauder  
  90  6:57  Supply Depot  
  90  6:59  Marine, Marauder  
  90  7:00  Medivac  
  94  7:02  Medivac  
  94  7:06  Widow Mine  
  94  7:07  Widow Mine  
  94  7:08  Marine  
  100  7:12  SCV  
  100  7:14  SCV  
  100  7:15  Marauder  
  96  7:17  Marine  
  96  7:22  Barracks x2  
  97  7:25  SCV, Marauder  
  97  7:27  SCV  
  101  7:30  Supply Depot  
  101  7:32  Marine  
  101  7:34  Missile Turret  
  102  7:38  Marine  
  102  7:40  Marauder  
  102  7:42  SCV x2  
  107  7:46  Marauder  
  107  7:47  Viking  
  110  7:51  Viking  
  110  7:54  SCV  
  110  7:55  Marine  
  114  7:59  Widow Mine x2, SCV  
  119  8:06  SCV, Marauder  
  119  8:07  Marine  
  119  8:12  Barracks Tech Lab, Barracks Reactor, Supply Depot  
  123  8:14  SCV  
  123  8:17  Missile Turret  
  123  8:18  SCV  
  125  8:21  Orbital Command  
  125  8:26  SCV, Marine  
  125  8:27  Marine  
  126  8:30  Marauder  
  126  8:31  Marauder  
  126  8:32  SCV  
  132  8:36  Marauder  
  132  8:38  SCV  
  132  8:41  Terran Infantry Armor Level 1  
  135  8:45  SCV, Widow Mine x2  
  139  8:49  Marine x3  
  139  8:50  SCV, Marine  
  139  8:51  Marauder  
  139  8:52  Marauder  
  139  8:53  SCV  
  149  8:58  Refinery, Ghost Academy  
  149  9:00  Viking  
  151  9:03  Medivac  
  151  9:04  Marauder  
  151  9:06  Marine  
  151  9:07  Marine  
  156  9:11  Marine  
  156  9:12  Supply Depot x2  
  156  9:14  Marine  
  157  9:22  Command Center  
  157  9:33  Supply Depot, Ghost x2  
  157  9:34  Widow Mine  
  157  9:35  Supply Depot, Marine  
  157  9:37  Ghost  
  166  9:40  Viking  
  166  9:43  Viking  
  167  9:45  Marine  
  167  9:46  Marine x2  
  167  9:48  Widow Mine  
  165  9:53  Marine  
  165  9:59  Widow Mine  
  161  10:02  Marauder  
  161  10:03  Armory  
  161  10:04  SCV x2, Refinery  
  161  10:05  Engineering Bay  
  165  10:10  Ghost x2  
  165  10:12  Marine x3  
  172  10:16  Viking  
  172  10:23  Marine  
  172  10:24  Missile Turret  
Show
View Real Time Build Order
Export as new Build Order

MaxPax Protoss 

Build Orders: 1 Gate Expand, Blink Stalkers 

Get SALT Encoding   

  12  0:00  Probe  
  13  0:12  Probe  
  14  0:17  Pylon  
  14  0:24  Probe (Chrono Boost)  
  15  0:36  Probe (Chrono Boost), Gateway  
  16  0:44  Probe (Chrono Boost)  
  16  0:46  Assimilator  
  17  0:51  Probe  
  18  1:03  Probe  
  19  1:15  Probe  
  20  1:23  Cybernetics Core  
  20  1:31  Nexus  
  20  1:33  Probe  
  21  1:40  Pylon  
  21  1:45  Probe  
  22  1:48  Assimilator  
  22  1:56  Adept (Chrono Boost)  
  22  1:57  Probe  
  22  2:01  Warp Gate  
  25  2:09  Probe  
  26  2:16  Adept (Chrono Boost)  
  26  2:21  Probe  
  29  2:25  Twilight Council  
  29  2:33  Probe  
  30  2:43  Stalker, Probe  
  33  2:45  Probe  
  34  2:58  Blink (Chrono Boost), Probe  
  36  2:59  Shield Battery  
  36  3:00  Pylon  
  36  3:02  Probe  
  36  3:10  Probe  
  37  3:14  Probe  
  37  3:15  Gateway  
  38  3:23  Robotics Facility  
  38  3:25  Shield Battery  
  38  3:28  Stalker (Chrono Boost)  
  38  3:33  Probe  
  41  3:34  Probe  
  40  3:42  Pylon  
  40  3:46  Pylon  
  39  3:52  Probe  
  39  3:54  Probe  
  36  4:04  Probe  
  36  4:06  Pylon, Probe  
  38  4:12  Stalker  
  40  4:20  Shield Battery  
  43  4:25  Probe  
  43  4:26  Probe  
  45  4:32  Stalker  
  45  4:36  Warp Prism  
  45  4:37  Probe  
  46  4:39  Probe  
  46  4:41  Gateway  
  47  4:47  Stalker  
  47  4:49  Probe  
  47  4:51  Probe  
  51  4:56  Dark Shrine  
  51  4:59  Stalker  
  53  5:01  Probe  
  53  5:04  Assimilator  
  53  5:05  Probe  
  55  5:11  Observer  
  55  5:12  Stalker  
  57  5:15  Probe  
  57  5:17  Pylon, Probe  
  60  5:27  Probe  
  61  5:32  Nexus  
  61  5:48  Stalker x3  
  67  5:52  Probe x2  
  67  5:56  Assimilator  
  69  6:06  Probe  
  66  6:12  Probe  
  66  6:17  Pylon  
  66  6:18  Observer, Probe  
  68  6:20  Stalker x2  
  68  6:22  Observer  
  70  6:28  Pylon  
  70  6:30  Shield Battery  
  70  6:32  Charge  
  70  6:35  Immortal (Chrono Boost), Probe x2  
  76  6:40  Stalker  
  76  6:44  Forge  
  76  6:46  Sentry, Stalker, Shield Battery  
  82  6:49  Probe  
  82  6:52  Probe  
  84  6:54  Probe  
  84  7:00  Pylon  
  83  7:02  Immortal (Chrono Boost)  
  83  7:05  Sentry  
  83  7:06  Probe x2 (Chrono Boost)  
  91  7:09  Probe (Chrono Boost)  
  91  7:13  Dark Templar  
  90  7:18  Probe (Chrono Boost)  
  90  7:19  Pylon, Probe (Chrono Boost)  
  90  7:21  Dark Templar  
  95  7:24  Probe (Chrono Boost)  
  95  7:27  Probe (Chrono Boost)  
  95  7:28  Pylon, Probe (Chrono Boost)  
  95  7:29  Probe (Chrono Boost)  
  97  7:33  Probe  
  97  7:36  Probe  
  99  7:37  Robotics Bay  
  99  7:39  Probe  
  101  7:45  Immortal (Chrono Boost)  
  101  7:47  Probe  
  101  7:49  Protoss Ground Weapons Level 1 (Chrono Boost)  
  101  7:51  Probe  
  105  7:54  Photon Cannon  
  105  7:57  Assimilator  
  103  7:58  Pylon  
  103  8:01  Assimilator  
  103  8:10  Probe  
  103  8:11  Observer  
  100  8:16  Gateway  
  100  8:19  Stalker x3, Gateway  
  106  8:20  Colossus (Chrono Boost)  
  106  8:21  Gateway  
  112  8:37  Extended Thermal Lance, Gateway  
  112  8:39  Gateway  
  112  8:48  Templar Archives  
  112  8:52  Zealot x3, Nexus  
  116  8:56  Pylon  
  116  9:02  Colossus (Chrono Boost)  
  116  9:04  Pylon  
  107  9:11  Zealot  
  107  9:14  Zealot x3  
  110  9:20  Zealot, Sentry  
  113  9:34  Zealot x5  
  113  9:35  Zealot  
  125  9:41  Colossus (Chrono Boost)  
  115  9:58  High Templar x2  
  113  10:01  Stalker x3  
  113  10:02  Archon  
  113  10:03  Zealot x2, Observer  
  123  10:08  Nexus  
  123  10:13  Pylon  
  119  10:25  Zealot x5  
  119  10:26  Zealot  
  131  10:32  High Templar x2  
  141  10:36  Archon  
Tags
 
Add a new tag
Caveats
  • Supply blocks, unpowered buildings, or Contaminate may cause inaccurate times.
  • Supply counts are checked every 10 seconds.